 Dungeon Crawl Stone Soup version 0.19.1 (webtiles) character file.

8028 lorenzova the Thaumaturge (level 11, -13/54 HPs)
             Began as a Deep Elf Conjurer on Dec 12, 2016.
             Was a Priest of Vehumet.
             Killed from afar by an ice statue (31 damage)
             ... with a bolt of cold
             ... in an ice cave.
             The game lasted 00:32:42 (11996 turns).

lorenzova the Thaumaturge (Deep Elf Conjurer)      Turns: 11996, Time: 00:32:43

Health: -13/54     AC:  9    Str:  5    XL:     11   Next: 4%
Magic:  21/30      EV: 12    Int: 24    God:    Vehumet [***...]
Gold:   381        SH:  0    Dex: 15    Spells: 3 memorised, 27 levels left

rFire  . . .     SeeInvis .     E - staff of energy (curse)
rCold  . . .     Gourm    +     K - +3 leather armour
rNeg   + . .     Faith    .     (no shield)
rPois  .         Spirit   .     (no helmet)
rElec  .         Reflect  .     (no cloak)
rCorr  .         Harm     .     m - +1 pair of gloves (curse)
MR     +....     Clarity  +     j - +0 pair of boots
Stlth  ++........               v - amulet of the gourmand
                                (no ring)
                                k - ring of positive energy

@: no status effects
A: hooves 1, clarity
a: Renounce Religion


You were in an ice cave.
You worshipped Vehumet.
Vehumet was most pleased with you.
You were full.

You visited 3 branches of the dungeon, and saw 11 of its levels.
You also visited: Ice Cave.

You collected 507 gold pieces.
You spent 126 gold pieces at shops.

Inventory:

Hand Weapons
 x - a +2 hand axe of electrocution
Armour
 a - a +0 robe
 j - a +0 pair of boots (worn)
 m - a cursed +1 pair of gloves (worn)
 K - a +3 leather armour (worn)
Magical Staves
 E - a cursed staff of energy (weapon)
Jewellery
 k - a ring of positive energy (left hand)
 v - an amulet of the gourmand (around neck)
Wands
 g - a wand of disintegration (19/24)
 M - a wand of confusion (28/48)
 O - a wand of heal wounds (2/9)
Scrolls
 e - a scroll of enchant armour
 h - 3 scrolls of remove curse
 q - 3 scrolls of enchant weapon
 s - 2 scrolls of recharging {unknown}
 t - a scroll of immolation {unknown}
 u - 2 scrolls of amnesia {unknown}
 w - a scroll of fog {unknown}
 y - a scroll of blinking
 A - a scroll of fear {unknown}
 F - 4 scrolls of teleportation
 G - a scroll of random uselessness {unknown}
 J - a scroll of holy word {unknown}
 L - 2 scrolls of magic mapping {unknown}
Potions
 d - a potion of degeneration
 f - 3 potions of curing
 i - 3 potions of magic
 n - a potion of flight
 p - 2 potions of agility
 r - 4 potions of heal wounds
 B - 4 potions of might
 C - 3 potions of mutation
 D - a potion of invisibility
 I - 2 potions of lignification
 N - a potion of cancellation {unknown}
Books
 b - a book of Conjurations

   Spells                             Type                      Level
   a - Magic Dart                     Conjuration                  1
   b - Searing Ray                    Conjuration                  2
   c - Dazzling Spray                 Conjuration/Hexes            3
   d - Fulminant Prism                Conjuration/Hexes            4
   e - Iskenderun's Mystic Blast      Conjuration                  4
   f - Iskenderun's Battlesphere      Conjuration/Charms           5
 z - a book of Transfigurations

   Spells                             Type                      Level
   a - Irradiate                      Conjuration/Transmutation    5
   b - Statue Form                    Transmutation/Earth          6
   c - Hydra Form                     Transmutation                6
   d - Dragon Form                    Transmutation                7
Comestibles
 c - 6 bread rations
 l - 2 beef jerkies
 o - 6 meat rations
 H - a fruit


   Skills:
 - Level 2.4 Dodging
 - Level 2.4 Stealth
 * Level 13.9 Spellcasting
 * Level 12.5 Conjurations
 + Level 10.2 Charms


You had 27 spell levels left.
You knew the following spells:

 Your Spells              Type           Power        Failure   Level  Hunger
a - Magic Dart            Conj           ####         1%          1    None
b - Iskenderun's Battles  Conj/Chrm      ######..     1%          5    None
c - Iskenderun's Mystic   Conj           ######..     1%          4    None


Dungeon Overview and Level Annotations

Branches:
Dungeon (9/15)             Temple (1/1) D:7            Lair (1/6) D:9
    Orc: D:9-12

Altars:
Ashenzari
Cheibriados
Dithmenos
Fedhas
Kikubaaqudgha
Makhleb
Nemelex Xobeh
Okawaru
Qazlal
Ru
Sif Muna
Trog
Uskayaw
Vehumet
Xom
Yredelemnul
The Shining One

Shops:
D:5 [?}?   D:7 }

Annotations:
IceCv exclusion: 2 ice statues


Innate Abilities, Weirdness & Mutations

You have large cloven feet.
You possess an exceptional clarity of mind.


Message History

The shard of ice hits your battlesphere.
Your battlesphere partially resists.
Casting: Iskenderun's Battlesphere
Confirm with . or Enter, or press ? or * to list all spells.
Aiming: Iskenderun's Mystic Blast
Press: ? - help, Shift-Dir - straight line, f - ice statue
Aim: an ice statue The orb of energy hits the ice statue.
The ice statue is moderately damaged.
The orb of energy explodes!
Your battlesphere fires!
The barrage of energy hits the ice statue.
The ice statue is heavily damaged.
The ice statue gestures at you. The freezing blast hits you!
Ouch! That really hurt!
The ice statue gestures at you. The bolt of cold hits you!
Ouch! That really hurt!
You die...

#### ##.#.### ####
##......8 #### ##..##
#.......####..#####....#
#........##....##.......
#...........#.......∩.∩.
#....*@...###..........
#.......### ##..##....#
#......## ######..##
#......8 #### ##.....#
##....# ##..## ...


You could see 2 ice statues and a friendly battlesphere.

Vanquished Creatures
  The ghost of Paps the Destroyer, a novice TeAE of Vehumet (D:8)
  A hill giant (D:8)
  2 spiny frogs (Lair:1)
  A hornet (D:9)
  A hippogriff (D:8)
  Sigmund (D:2)
  5 yaks (Lair:1)
  2 wyverns
  3 water moccasins
  An orc warrior (D:9)
  4 ice beasts
  4 sky beasts
  A necrophage (D:5)
  2 ogres
  3 centaurs
  3 crocodiles
  Blork the orc (D:6)
  5 bullfrogs
  A big kobold (D:9)
  A gnoll sergeant (D:7)
  3 scorpions
  3 killer bees (D:9)
  8 wights
  5 howler monkeys (D:9)
  4 crimson imps
  A centaur zombie (D:8)
  A bullfrog skeleton (D:4)
  2 hounds
  2 jellies (D:8)
  7 orc priests
  Ijyb (D:2)
  3 iguanas
  11 worker ants
  7 orc wizards
  Natasha (twice) (D:2)
  2 hound zombies
  A worker ant zombie (D:8)
  19 gnolls
  A river rat (D:9)
  9 adders
  3 shadow imps
  4 white imps (IceCv)
  5 ufetubi (IceCv)
  2 oozes
  4 adder zombies
  3 adder skeletons
  4 worms
  4 dart slugs
  2 leopard geckos
  50 orcs
  9 giant cockroaches
  10 goblins
  5 hobgoblins
  15 jackals
  2 quokkas
  2 ball pythons
  12 bats
  6 frilled lizards
  12 kobolds
  A quokka zombie (D:7)
  13 rats
303 creatures vanquished.

Vanquished Creatures (others)
  A reaper (IceCv)
  5 white imps (IceCv)
  2 ufetubi (IceCv)
  16 fungi
  6 plants (D:9)
30 creatures vanquished.

Grand Total: 333 creatures vanquished

Notes
Turn   | Place    | Note
-------+----------+-------------------------------------------
     0 | D:1      | lorenzova the Deep Elf Conjurer began the quest for the Orb.
     0 | D:1      | Reached XP level 1. HP: 10/10 MP: 6/6
     2 | D:1      | Noticed a dwarf
     4 | D:1      | Noticed a formicid
     6 | D:1      | Noticed a felid
     6 | D:1      | Noticed a demonspawn
     8 | D:1      | Noticed a human
     8 | D:1      | Noticed an elf
    10 | D:1      | Noticed a tengu
    10 | D:1      | Noticed a spriggan
    12 | D:1      | Noticed a draconian
    12 | D:1      | Noticed an octopode
    14 | D:1      | Noticed a naga
    14 | D:1      | Noticed a minotaur
    16 | D:1      | Noticed a troll
    16 | D:1      | Noticed a halfling
    18 | D:1      | Noticed a ghoul
    18 | D:1      | Noticed a centaur
    20 | D:1      | Noticed a vine stalker
    20 | D:1      | Noticed a demigod
    22 | D:1      | Noticed a vampire
    22 | D:1      | Noticed a gargoyle
    24 | D:1      | Noticed a merfolk
    26 | D:1      | Noticed an ogre
   166 | D:1      | Reached XP level 2. HP: 10/15 MP: 0/8
   563 | D:1      | Reached skill level 4 in Spellcasting
   675 | D:1      | Reached XP level 3. HP: 19/19 MP: 1/10
  1116 | D:1      | Reached skill level 5 in Conjurations
  1346 | D:2      | Found an iron altar of Okawaru.
  1641 | D:2      | Noticed Ijyb
  1649 | D:2      | Killed Ijyb
  1649 | D:2      | Reached skill level 5 in Spellcasting
  1649 | D:2      | Reached XP level 4. HP: 23/24 MP: 3/13
  1724 | D:2      | Learned a level 4 spell: Iskenderun's Mystic Blast
  1935 | D:2      | Noticed Natasha
  2017 | D:2      | Killed Natasha
  2120 | D:2      | Noticed Natasha
  2122 | D:2      | Killed Natasha
  2122 | D:2      | Reached XP level 5. HP: 24/28 MP: 4/14
  2320 | D:2      | Noticed Sigmund
  2324 | D:2      | Killed Sigmund
  2324 | D:2      | Reached skill level 6 in Spellcasting
  2324 | D:2      | Reached XP level 6. HP: 32/32 MP: 2/17
  2509 | D:2      | Found a hide-covered altar of Uskayaw.
  2914 | D:3      | Learned a level 5 spell: Iskenderun's Battlesphere
  3446 | D:3      | Found a blossoming altar of Fedhas.
  3674 | D:4      | Reached skill level 7 in Spellcasting
  3850 | D:4      | Reached skill level 1 in Charms
  4303 | D:4      | Reached XP level 7. HP: 36/36 MP: 10/19
  4474 | D:4      | Found a stormy altar of Qazlal.
  4919 | D:5      | Entered Level 5 of the Dungeon
  4919 | D:5      | Found Garrunuw's Gadget Shoppe.
  5409 | D:5      | Reached skill level 8 in Spellcasting
  5642 | D:5      | Found a deep blue altar of Sif Muna.
  6076 | D:5      | Found Efopott's Magic Scroll Shoppe.
  6274 | D:5      | Reached XP level 8. HP: 41/41 MP: 17/22
  6306 | D:5      | Found Ygroemoq's Magic Scroll Shoppe.
  6327 | D:5      | Reached skill level 9 in Spellcasting
  6589 | D:5      | Bought a scroll of identify for 28 gold pieces
  6589 | D:5      | Bought a scroll of identify for 28 gold pieces
  6589 | D:5      | Bought a scroll of teleportation for 42 gold pieces
  6589 | D:5      | Bought a scroll of identify for 28 gold pieces
  6666 | D:5      | Found Mossialu's Armour Emporium.
  6766 | D:5      | Reached skill level 5 in Charms
  7277 | D:6      | Reached skill level 10 in Spellcasting
  7461 | D:5      | Reached XP level 9. HP: 45/45 MP: 5/25
  7949 | D:6      | Noticed Blork the orc
  7951 | D:6      | Killed Blork the orc
  7954 | D:6      | Found a burning altar of Makhleb.
  8027 | D:6      | Found a shadowy altar of Dithmenos.
  8186 | D:6      | Gained mutation: You possess an exceptional clarity of mind. [potion of beneficial mutation]
  8207 | D:7      | Found Kineuck's Gadget Shoppe.
  8430 | D:7      | Found a staircase to the Ecumenical Temple.
  8480 | Temple   | Entered the Ecumenical Temple
  8508 | Temple   | Became a worshipper of Vehumet
  8750 | D:7      | Reached skill level 11 in Spellcasting
  8750 | D:7      | Reached skill level 10 in Conjurations
  9051 | D:8      | Noticed a hill giant
  9053 | D:8      | Noticed Paps's ghost (novice TeAE)
  9204 | D:8      | Killed Paps's ghost
  9204 | D:8      | Reached skill level 12 in Spellcasting
  9359 | D:8      | Killed a hill giant
  9359 | D:8      | Reached XP level 10. HP: 50/50 MP: 13/28
  9360 | D:8      | Reached * piety under Vehumet
  9360 | D:8      | Offered knowledge of Freeze by Vehumet.
 10389 | D:9      | Reached skill level 13 in Spellcasting
 10459 | D:9      | Found a staircase to the Lair.
 10470 | D:9      | Offered knowledge of Sting by Vehumet.
 10474 | D:9      | Reached ** piety under Vehumet
 10741 | D:9      | Found a shimmering altar of Xom.
 10804 | D:9      | Gained mutation: You have large cloven feet. [potion of beneficial mutation]
 10815 | D:9      | Found a deep blue altar of Sif Muna.
 10815 | D:9      | Found a faded altar of an unknown god.
 10820 | D:9      | Found a faded altar of an unknown god.
 10822 | D:9      | Found a faded altar of an unknown god.
 10824 | D:9      | Found a faded altar of an unknown god.
 11123 | D:9      | Offered knowledge of Ignite Poison by Vehumet.
 11424 | Lair:1   | Entered Level 1 of the Lair of Beasts
 11424 | Lair:1   | Noticed a spiny frog
 11460 | Lair:1   | Killed a spiny frog
 11527 | Lair:1   | Reached skill level 10 in Charms
 11605 | Lair:1   | Noticed a spiny frog
 11613 | Lair:1   | Killed a spiny frog
 11613 | Lair:1   | Reached *** piety under Vehumet
 11613 | Lair:1   | Reached XP level 11. HP: 37/54 MP: 14/30
 11737 | Lair:1   | Found a frozen archway.
 11748 | IceCv    | Entered an ice cave
 11854 | IceCv    | Killed a reaper
 11996 | IceCv    | Killed from afar by an ice statue

Skill      XL: |  1  2  3  4  5  6  7  8  9 10 |
---------------+-------------------------------+-----
Spellcasting   | 4 5 6 7 8 10 12 13 | 13.9
Conjurations   | 5 6 7 8 9 11 12 | 12.5
Charms         | 1 3 6 8 10 | 10.2
Dodging        | |  2.4
Stealth        | |  2.4

Action                   |  1- 3 |  4- 6 |  7- 9 | 10-12 || total
-------------------------+-------+-------+-------+-------++-------
Melee: Unarmed           |       |     1 |       |       ||     1
       Hand axe          |       |       |    10 |       ||    10
       Staff             |       |       |       |     3 ||     3
 Cast: Magic Dart        |    90 |   108 |   234 |   162 ||   594
       Iskenderun's Myst |       |    14 |    24 |    10 ||    48
       Iskenderun's Batt |       |       |    36 |    33 ||    69
  Use: Scroll            |       |     1 |    11 |     5 ||    17
       Potion            |       |       |     2 |     1 ||     3
  Eat: Chunk             |     2 |     9 |    19 |     6 ||    36
       Meat ration       |       |       |     1 |       ||     1
Armor: Robe              |     4 |     6 |     7 |       ||    17
       Leather armour    |       |       |     3 |     8 ||    11
Dodge: Dodged            |     7 |    13 |    27 |    22 ||    69
